General information
- name: BNet
- type: Ladder team game (AT/RT)
- host: Battle.net
- saver: SwordOfDestiny
map: TwilightRuins
- players: 8
- length: 28:30
- speed: Fast
- version: 1.27 W3XP
- replay type: Public
» download(193 KB)
Players
team 1 (loser)
Shabbah (
yellow | 71 APM | 1641 actions | 23:06)
4 Blademaster
2 Wind Walk
1 Critical Strike
1 Mirror Image
2 Tauren Chieftain
1 Endurance Aura
1 War Stomp
1 Priestess of the Moon
1 Trueshot Aura
» actions
| Basic commands | 18 | |
| Build / train | 48 | |
| Enter build submenu | 31 | |
| Enter hero's abilities submenu | 8 | |
| Remove unit from queue | 4 | |
| Right click | 1146 | |
| Select / deselect | 310 | |
| Use ability | 76 | |
1641 total
» units
| Peon | 9 | |
| Grunt | 7 | |
| Troll Headhunter/Berserker | 4 | |
| Demolisher | 2 | |
| Troll Batrider | 1 | |
23 total
» upgrades
| Ranged Weapons | 1 | |
| Melee Weapons | 1 | |
| Armor | 1 | |
| Berserker Strength | 1 | |
4 total
» buildings
| Altar of Storms | 1 | |
| Orc Burrow | 11 | |
| Voodoo Lounge | 1 | |
| Barracks | 2 | |
| War Mill | 1 | |
| Stronghold | 1 | |
| Watch Tower | 2 | |
| Beastiary | 1 | |
| Moon Well | 3 | |
| Ancient Protector | 2 | |
25 total
» build order
00:05 Altar of Storms
00:37 Orc Burrow
01:08 Voodoo Lounge
01:41 Orc Burrow
02:02 Barracks
02:18 War Mill
02:54 Orc Burrow
03:59 Orc Burrow
05:21 Stronghold
06:07 Barracks
07:36 Orc Burrow
07:42 Orc Burrow
11:15 Orc Burrow
11:25 Watch Tower
15:27 Beastiary
16:33 Orc Burrow
16:36 Orc Burrow
16:41 Orc Burrow
16:58 Watch Tower
17:42 Orc Burrow
20:57 Moon Well
20:59 Moon Well
21:04 Moon Well
21:08 Ancient Protector
21:15 Ancient Protector
» items
| Scroll of Speed | 1 | |
| Lesser Clarity Potion | 2 | |
| Healing Salve | 1 | |
4 total
zzolo2 (
blue | 122 APM | 3484 actions | 28:29)
8 Priestess of the Moon
2 Scout
3 Trueshot Aura
2 Searing Arrows
1 Starfall
3 Keeper of the Grove
2 Entangling Roots
1 Thorns Aura
1 Blademaster
1 Wind Walk
» actions
| Assign group hotkey | 38 | |
| Basic commands | 209 | |
| Build / train | 102 | |
| ESC pressed | 1 | |
| Enter build submenu | 56 | |
| Enter hero's abilities submenu | 13 | |
| Right click | 1127 | |
| Select / deselect | 528 | |
| Select group hotkey | 1291 | |
| Use ability | 117 | |
3484 total
» units
| Wisp | 32 | |
| Archer | 14 | |
| Hippogryph | 4 | |
| Druid of the Talon | 1 | |
| Druid of the Claw | 5 | |
| Glaive Thrower | 4 | |
| Dryad | 1 | |
61 total
» upgrades
| Improved Bows | 2 | |
| Strength of the Moon | 4 | |
| Hippogryph Taming | 1 | |
| Strength of the Wild | 1 | |
| Druid of the Talon Training | 2 | |
| Marksmanship | 1 | |
| Vorpal Blades | 1 | |
| Druid of the Claw Training | 2 | |
| Well Spring | 2 | |
| Reinforced Hides | 1 | |
| Mark of the Claw | 1 | |
| Abolish Magic | 1 | |
19 total
» buildings
| Ancient of War | 6 | |
| Moon Well | 10 | |
| Altar of Elders | 1 | |
| Ancient of Wonders | 2 | |
| Hunter's Hall | 4 | |
| Tree of Ages | 1 | |
| Ancient Protector | 11 | |
| Ancient of Wind | 3 | |
| Tree of Eternity | 2 | |
| Chimaera Roost | 2 | |
| Ancient of Lore | 3 | |
| Tree of Life | 2 | |
47 total
» build order
00:11 Ancient of War
00:15 Moon Well
01:09 Altar of Elders
01:29 Moon Well
01:53 Ancient of Wonders
03:08 Hunter's Hall
03:25 Tree of Ages
03:58 Moon Well
04:24 Ancient Protector
04:44 Ancient Protector
06:04 Ancient of Wind
06:08 Ancient of Wind
06:17 Moon Well
08:55 Tree of Eternity
10:08 Hunter's Hall
10:09 Ancient of Wind
10:13 Hunter's Hall
10:55 Tree of Eternity
11:35 Ancient Protector
11:37 Ancient Protector
11:39 Ancient Protector
11:42 Ancient Protector
12:24 Ancient Protector
12:30 Ancient Protector
12:35 Ancient Protector
12:49 Ancient Protector
13:02 Ancient Protector
14:05 Hunter's Hall
14:24 Chimaera Roost
14:25 Chimaera Roost
14:29 Ancient of War
14:29 Ancient of War
14:40 Ancient of War
14:41 Ancient of War
14:42 Ancient of War
15:05 Moon Well
15:07 Moon Well
15:16 Ancient of Lore
15:18 Ancient of Lore
15:20 Ancient of Lore
15:30 Ancient of Wonders
16:08 Moon Well
16:09 Moon Well
18:00 Moon Well
22:19 Moon Well
26:16 Tree of Life
26:20 Tree of Life
» items
| Periapt of Vitality | 1 | |
| Dust of Appearance | 1 | |
| Scroll of Town Portal | 2 | |
4 total
SpecialSauce (
pink | 53 APM | 484 actions | 09:08)
1 Priestess of the Moon
1 Searing Arrows
» actions
| Assign group hotkey | 13 | |
| Basic commands | 17 | |
| Build / train | 38 | |
| Enter build submenu | 8 | |
| Enter hero's abilities submenu | 1 | |
| Right click | 175 | |
| Select / deselect | 142 | |
| Select group hotkey | 77 | |
| Use ability | 13 | |
484 total
» units
» buildings
| Altar of Elders | 1 | |
| Moon Well | 4 | |
| Ancient of War | 1 | |
| Ancient of Wonders | 1 | |
| Tree of Ages | 1 | |
8 total
» build order
00:16 Altar of Elders
00:25 Moon Well
00:36 Ancient of War
01:56 Moon Well
02:10 Moon Well
03:07 Moon Well
04:18 Ancient of Wonders
07:00 Tree of Ages
» items
urlife (
teal | 38 APM | 816 actions | 21:26)
4 Mountain King
2 Storm Bolt
2 Bash
2 Paladin
1 Holy Light
1 Divine Shield
» actions
| Basic commands | 24 | |
| Build / train | 79 | |
| Enter build submenu | 23 | |
| Enter hero's abilities submenu | 6 | |
| Give item / drop item | 3 | |
| Right click | 365 | |
| Select / deselect | 253 | |
| Use ability | 63 | |
816 total
» units
| Peasant | 18 | |
| Footman | 10 | |
| Priest | 4 | |
| Siege Engine | 6 | |
| Wisp | 1 | |
39 total
» upgrades
| Swords | 1 | |
| Magic Sentry | 1 | |
| Priest Training | 3 | |
| Lumber Harvesting | 2 | |
| Gunpowder | 2 | |
| Barrage | 1 | |
10 total
» buildings
| Barracks | 1 | |
| Farm | 8 | |
| Altar of Kings | 1 | |
| Lumber Mill | 1 | |
| Arcane Vault | 1 | |
| Blacksmith | 1 | |
| Scout Tower | 5 | |
| Arcane Tower | 5 | |
| Keep | 1 | |
| Town Hall | 2 | |
| Castle | 1 | |
| Arcane Sanctum | 1 | |
| Workshop | 2 | |
30 total
» build order
00:16 Barracks
00:22 Farm
00:38 Altar of Kings
01:00 Farm
01:26 Lumber Mill
01:48 Farm
02:16 Arcane Vault
02:53 Blacksmith
03:39 Scout Tower
04:15 Farm
04:18 Arcane Tower
04:22 Farm
05:13 Keep
06:22 Town Hall
08:46 Castle
08:51 Arcane Sanctum
09:38 Workshop
10:26 Farm
10:45 Scout Tower
11:39 Scout Tower
11:56 Arcane Tower
12:35 Arcane Tower
14:30 Scout Tower
15:28 Town Hall
15:53 Arcane Tower
16:28 Scout Tower
16:47 Farm
17:09 Arcane Tower
19:17 Farm
20:25 Workshop
» items
| Scroll of Regeneration | 4 | |
| Lesser Clarity Potion | 2 | |
| Scroll of Protection | 2 | |
| Scroll of Healing | 2 | |
| Orb of Fire | 2 | |
| Scroll of Town Portal | 3 | |
15 total
team 2 (winner)
SwordOfDestiny (
orange | 68 APM | 1927 actions | 28:30)
10 Blademaster
3 Wind Walk
3 Critical Strike
1 Bladestorm
3 Mirror Image
» actions
| Assign group hotkey | 76 | |
| Basic commands | 21 | |
| Build / train | 85 | |
| Enter build submenu | 38 | |
| Enter hero's abilities submenu | 10 | |
| Give item / drop item | 4 | |
| Remove unit from queue | 1 | |
| Right click | 929 | |
| Select / deselect | 395 | |
| Select group hotkey | 196 | |
| Use ability | 172 | |
1927 total
» units
| Peon | 8 | |
| Grunt | 4 | |
| Goblin Shredder | 1 | |
| Troll Batrider | 12 | |
| Goblin Sapper | 4 | |
| Wind Rider | 5 | |
34 total
» upgrades
| Ranged Weapons | 3 | |
| Armor | 3 | |
| Reinforced Defenses | 1 | |
| Liquid Fire | 1 | |
| Troll Regeneration | 1 | |
| Ensnare | 1 | |
| Pillage | 1 | |
11 total
» buildings
| Orc Burrow | 9 | |
| Altar of Storms | 1 | |
| Barracks | 1 | |
| Voodoo Lounge | 1 | |
| Stronghold | 1 | |
| War Mill | 1 | |
| Great Hall | 1 | |
| Watch Tower | 19 | |
| Beastiary | 4 | |
| Fortress | 1 | |
39 total
» build order
00:13 Orc Burrow
00:52 Altar of Storms
01:01 Orc Burrow
01:06 Barracks
01:38 Voodoo Lounge
02:50 Stronghold
04:07 Orc Burrow
04:31 War Mill
04:58 Great Hall
06:00 Watch Tower
06:04 Watch Tower
06:32 Watch Tower
06:32 Watch Tower
07:19 Orc Burrow
07:22 Beastiary
07:22 Beastiary
07:49 Watch Tower
07:52 Watch Tower
07:55 Watch Tower
07:59 Watch Tower
09:20 Watch Tower
09:23 Watch Tower
09:23 Watch Tower
09:24 Watch Tower
09:24 Watch Tower
09:27 Beastiary
09:29 Beastiary
10:29 Fortress
10:45 Watch Tower
20:50 Watch Tower
20:50 Watch Tower
20:50 Watch Tower
20:51 Watch Tower
23:23 Orc Burrow
23:24 Orc Burrow
23:28 Orc Burrow
25:32 Orc Burrow
25:33 Orc Burrow
» items
| Healing Salve | 5 | |
| Boots of Speed | 1 | |
| Scroll of Town Portal | 4 | |
| Lesser Clarity Potion | 3 | |
| Potion of Mana | 4 | |
| Orb of Lightning | 1 | |
| Potion of Healing | 4 | |
| Periapt of Vitality | 3 | |
| Potion of Lesser Invulnerability | 1 | |
26 total
whereami (
purple | 55 APM | 1361 actions | 24:45)
5 Blademaster
2 Wind Walk
3 Critical Strike
» actions
| Assign group hotkey | 75 | |
| Basic commands | 40 | |
| Build / train | 66 | |
| ESC pressed | 1 | |
| Enter build submenu | 22 | |
| Enter hero's abilities submenu | 7 | |
| Give item / drop item | 3 | |
| Remove unit from queue | 2 | |
| Right click | 436 | |
| Select / deselect | 204 | |
| Select group hotkey | 421 | |
| Use ability | 84 | |
1361 total
» units
| Peon | 13 | |
| Raider | 28 | |
| Goblin Shredder | 1 | |
42 total
» upgrades
| Melee Weapons | 1 | |
| Pillage | 1 | |
| Ensnare | 1 | |
3 total
» buildings
| Altar of Storms | 1 | |
| Orc Burrow | 8 | |
| Voodoo Lounge | 1 | |
| War Mill | 2 | |
| Stronghold | 2 | |
| Beastiary | 2 | |
| Great Hall | 2 | |
18 total
» build order
00:07 Altar of Storms
00:22 Orc Burrow
01:20 Orc Burrow
02:16 Voodoo Lounge
02:22 Orc Burrow
03:40 War Mill
03:44 Orc Burrow
04:06 Stronghold
04:40 Stronghold
07:01 Beastiary
07:02 Beastiary
11:46 Orc Burrow
11:49 Orc Burrow
18:14 War Mill
18:25 Orc Burrow
19:30 Orc Burrow
23:13 Great Hall
23:46 Great Hall
» items
| Healing Salve | 1 | |
| Lesser Clarity Potion | 2 | |
| Scroll of Speed | 2 | |
| Potion of Mana | 3 | |
| Potion of Healing | 2 | |
| Scroll of Town Portal | 1 | |
11 total

»
Wo_ody (
green | 46 APM | 1318 actions | 28:29)
7 Keeper of the Grove
3 Entangling Roots
3 Thorns Aura
1 Tranquility
1 Blademaster
1 Bladestorm
» actions
| Assign group hotkey | 69 | |
| Basic commands | 66 | |
| Build / train | 62 | |
| Enter build submenu | 27 | |
| Enter hero's abilities submenu | 8 | |
| Remove unit from queue | 3 | |
| Right click | 580 | |
| Select / deselect | 271 | |
| Select group hotkey | 189 | |
| Use ability | 43 | |
1318 total
» units
» upgrades
| Strength of the Moon | 3 | |
| Moon Armor | 3 | |
| Sentinel | 1 | |
| Upgrade Moon Glaive | 1 | |
| Well Spring | 1 | |
| Ultravision | 1 | |
10 total
» buildings
| Altar of Elders | 1 | |
| Moon Well | 8 | |
| Hunter's Hall | 1 | |
| Ancient of War | 3 | |
| Ancient Protector | 5 | |
| Tree of Ages | 1 | |
| Tree of Eternity | 1 | |
20 total
» build order
00:20 Altar of Elders
00:35 Moon Well
00:48 Moon Well
01:42 Moon Well
02:17 Hunter's Hall
02:49 Moon Well
02:58 Ancient of War
03:10 Ancient of War
03:44 Moon Well
05:31 Moon Well
06:36 Ancient Protector
07:34 Ancient Protector
07:37 Ancient Protector
08:09 Tree of Ages
11:16 Ancient Protector
11:36 Tree of Eternity
18:28 Moon Well
20:13 Moon Well
21:40 Ancient of War
22:04 Ancient Protector
» items
| Scroll of Protection | 1 | |
| Potion of Lesser Invulnerability | 1 | |
2 total
strong3 (
red | 33 APM | 948 actions | 28:29)
4 Paladin
2 Devotion Aura
1 Holy Light
1 Divine Shield
» actions
| Basic commands | 24 | |
| Build / train | 79 | |
| Enter build submenu | 30 | |
| Enter hero's abilities submenu | 4 | |
| Give item / drop item | 8 | |
| Remove unit from queue | 1 | |
| Right click | 410 | |
| Select / deselect | 308 | |
| Use ability | 84 | |
948 total
» units
| Peasant | 25 | |
| Siege Engine | 8 | |
| Mortar Team | 1 | |
| Kodo Beast | 1 | |
35 total
» upgrades
| Masonry | 3 | |
| Plating | 3 | |
| Gunpowder | 3 | |
| Lumber Harvesting | 1 | |
| Barrage | 1 | |
| Fragmentation Shards | 1 | |
| Flare | 1 | |
| Flying Machine Bombs | 1 | |
| Flak Cannons | 1 | |
| Armor | 1 | |
| Ranged Weapons | 1 | |
| War Drums Damage Increase | 1 | |
18 total
» buildings
| Farm | 10 | |
| Altar of Kings | 1 | |
| Scout Tower | 12 | |
| Lumber Mill | 1 | |
| Arcane Tower | 2 | |
| Keep | 1 | |
| Town Hall | 3 | |
| Guard Tower | 3 | |
| Blacksmith | 1 | |
| Castle | 1 | |
| Workshop | 8 | |
| Fortress | 1 | |
44 total
» build order
00:12 Farm
00:37 Altar of Kings
01:18 Farm
02:04 Scout Tower
03:03 Scout Tower
03:08 Farm
03:57 Lumber Mill
04:55 Arcane Tower
04:57 Keep
05:15 Town Hall
05:33 Guard Tower
05:42 Scout Tower
05:48 Blacksmith
06:49 Guard Tower
07:00 Scout Tower
07:06 Scout Tower
07:14 Scout Tower
07:15 Scout Tower
07:16 Scout Tower
07:21 Farm
07:22 Farm
07:24 Farm
07:58 Castle
09:14 Workshop
09:21 Workshop
09:28 Workshop
09:34 Workshop
10:12 Workshop
10:26 Workshop
10:48 Workshop
10:51 Workshop
10:53 Guard Tower
10:55 Arcane Tower
14:06 Town Hall
16:12 Farm
16:17 Farm
16:58 Scout Tower
17:00 Scout Tower
17:02 Scout Tower
17:58 Scout Tower
19:22 Farm
22:00 Farm
24:50 Fortress
27:21 Town Hall
» items
| Boots of Speed | 1 | |
| Staff of Teleportation | 1 | |
| Dust of Appearance | 1 | |
| Healing Salve | 1 | |
| Potion of Healing | 5 | |
| Potion of Invisibility | 1 | |
| Lesser Clarity Potion | 1 | |
| Potion of Mana | 1 | |
12 total
Chat log
(00:05 / Allies) Wo_ody: OMFG
(00:10 / Allies) Wo_ody: NE 4 GAMES IN A ROW
(00:13 / Allies) Wo_ody: FUCK
(00:16 / Allies) whereami: yassss
(00:23 / Allies) Wo_ody: im fucking sick of ne
(00:26 / Allies) strong3: go faires and hero kill
(00:28 / Allies) whereami: i mean
(00:29 / Allies) whereami: nooo
(00:37 / Allies) whereami: bm
(00:38 / Allies) whereami: raiders
(00:54 / Allies) Wo_ody: mass hunts
(00:57 / Allies) Wo_ody: then something
(00:58 / Allies) strong3: kotg potm and mass faires entangle and hero focus
(01:07 / Allies) strong3: its fun
(01:20 / Allies) Wo_ody: my dick is fun
(01:29 / Allies) strong3: sure
(01:37 / Allies) strong3: for lil boys
(01:37 / Allies) Wo_ody: oh it is
(01:40 / Allies) Wo_ody: my gf tells me
(01:53 / Allies) strong3: same shit she tells me
(01:53 / Allies) whereami: lies
(01:58 / Allies) Wo_ody: nah red
(02:05 / Allies) Wo_ody: you sucking a dudes dick
(02:06 / Allies) Wo_ody: every night
(02:09 / Allies) strong3: lmao
(02:19 / Allies) strong3: just got off the phone with a woman
(02:25 / Allies) Wo_ody: whats his name?
(02:26 / Allies) whereami: liar
(02:26 / Allies) strong3: told her i need a new golf bag
(02:28 / Allies) whereami: you took a shit
(02:33 / Allies) SwordOfDestiny: what did your mom say
(02:38 / Allies) strong3: she said okay..... bu tthis is like the 4th one
(02:52 / Allies) strong3: im like damn my dick aint that good!
(03:11 / Allies) Wo_ody: idk
(03:15 / Allies) Wo_ody: she sounds pretty fat
(03:16 / Allies) SwordOfDestiny: incest is gross
(03:17 / Allies) strong3: she wants to see daddy happy though
(03:22 / Allies) strong3: lmao orange
(03:26 / Allies) strong3: im definately a freak
(03:40 / All) SwordOfDestiny: noob alert
(03:53 / All) Wo_ody: my dick is uuuuuuuuge
(04:10 / All) urlife: small hands
(04:16 / All) strong3: lmao
(05:09 / All) Wo_ody: whats up faggot fuck
(05:10 / All) Wo_ody: suck my dick
(05:14 / All) whereami: LOL
(05:22 / All) strong3: hes not gay though
(05:43 / All) Wo_ody: wanna keep trying to be a goober fuck boy?
(06:06 / All) Wo_ody: you cant handle it you fucking fairy fuck
(09:11 / All) SwordOfDestiny: lol
(10:20 / Allies) Wo_ody: blue has mad air
(10:21 / Allies) Wo_ody: not good
(10:44 / Allies) whereami: wood for gold?
(10:48 / Allies) whereami: as in i give wood
(11:05 / Allies) Wo_ody: we have no aa
(11:26 / Allies) SwordOfDestiny: I'll tp soon with bats
(11:26 / Allies) Wo_ody: coming red
(11:29 / Allies) Wo_ody: im gonna target hero
(12:47 / All) SwordOfDestiny: sigh
(13:01 / All) SwordOfDestiny: dumbass noob
(13:43 / All) SwordOfDestiny: see ya noob
(13:51 / All) SwordOfDestiny: fuckin rookies
(14:19 / Allies) Wo_ody: purple
(14:20 / Allies) Wo_ody: you are trash
(14:25 / Allies) Wo_ody: jesus
(14:58 / All) strong3: and stay out orckie!
(15:38 / Allies) Wo_ody: we lose
(15:39 / Allies) Wo_ody: easy
(15:41 / Allies) SwordOfDestiny: we wiun kol
(15:43 / Allies) strong3: win easy
(15:56 / Allies) strong3: ty
(16:06 / Allies) Wo_ody: can we attack
(16:22 / Allies) strong3: let orange lead us
(16:25 / Allies) strong3: he is great
(16:40 / Allies) Wo_ody: blue is almost level 6
(16:43 / Allies) Wo_ody: which isnt good
(16:50 / Allies) strong3: you can entangle
(17:00 / Allies) Wo_ody: he has invunerbale potion
(17:29 / Allies) Wo_ody: red
(17:33 / Allies) Wo_ody: lets hit blues base
(17:34 / Allies) strong3: no
(17:36 / Allies) Wo_ody: with all your tanks
(17:43 / Allies) strong3: i only listen to orangie
(17:47 / Allies) Wo_ody: ok
(18:34 / Allies) Wo_ody: they are coming
(18:35 / Allies) Wo_ody: to red
(18:54 / Allies) Wo_ody: gonna need help orange
(18:57 / Allies) Wo_ody: they all at red
(19:26 / Allies) Wo_ody: here they are
(20:19 / Allies) strong3: can you help me orcs?
(20:22 / All) SwordOfDestiny: shiiiiet
(21:05 / Allies) whereami: lol you guys have so much wood
(21:57 / All) SwordOfDestiny: god lol
(22:05 / Allies) whereami: red any peons?
(22:09 / All) SwordOfDestiny: now I get 100 food and rape you blue
(22:09 / Allies) strong3: yes
(22:52 / Allies) SwordOfDestiny: you guys need shops
(23:35 / All) whereami: one more
(24:32 / Allies) Wo_ody: we lost
(24:36 / Allies) SwordOfDestiny: lol
(24:37 / Allies) strong3: we win
(24:43 / Allies) strong3: stop being stupid
(25:03 / Allies) Wo_ody: look at redf
(25:07 / Allies) Wo_ody: hes fucking not using his tanks
(25:08 / Allies) Wo_ody: lol
(25:09 / Allies) Wo_ody: unreal
(25:10 / Allies) strong3: you are dumb
(25:12 / Allies) strong3: as fuck
(25:14 / Allies) Wo_ody: you are shit
(25:17 / Allies) Wo_ody: you are base sitting
(25:19 / Allies) strong3: kill yourself
(25:22 / Allies) Wo_ody: fucking attack
(25:23 / Allies) strong3: and your stupid gf
(26:47 / Allies) Wo_ody: iorange
(26:48 / Allies) Wo_ody: wait
(26:48 / Allies) Wo_ody: wait
(26:55 / Allies) SwordOfDestiny: come
(26:59 / Allies) Wo_ody: wait
(27:02 / Allies) Wo_ody: let them hit purple
(27:03 / Allies) Wo_ody: i tp
(27:06 / Allies) SwordOfDestiny: just attack we got it
(27:30 / Allies) Wo_ody: use purple
(27:32 / Allies) Wo_ody: he has swirl
(27:37 / Allies) Wo_ody: TP
(27:41 / Allies) SwordOfDestiny: go
(27:45 / Allies) Wo_ody: GO
(27:47 / Allies) Wo_ody: TPINGNOW
(28:28 / All) SwordOfDestiny: gg rook